 Dungeon Crawl Stone Soup version 0.27-a0-277-g024f7ef292 (webtiles) character file.

Game seed: 11651963622830545332

158129 HoaS the Peltast (level 18, -7/149 HPs)
             Began as a Formicid Fighter on Feb 4, 2021.
             Was the Champion of Okawaru.
             Killed from afar by a shock serpent (13 damage)
             ... with an electric aura
             ... on level 4 of the Snake Pit on Feb 5, 2021.
             The game lasted 01:21:47 (30310 turns).

HoaS the Peltast (Formicid Fighter)                Turns: 30310, Time: 01:21:48

Health: -7/149     AC: 34    Str: 22    XL:     18   Next: 34%
Magic:  19/25      EV: 23    Int: 10    God:    Okawaru [******]
Gold:   2629       SH: 28    Dex: 15    Spells: 17/17 levels left

rFire    + + .     SeeInvis +   w - +1 lajatang (spect)
rCold    + + +     Faith    .   Q - +0 tower shield
rNeg     + . .     Spirit   .   k - +7 pearl dragon scales
rPois    +         Reflect  +   (helmet unavailable)
rElec    .         Harm     .   c - scarf {rC+ rF+}
rCorr    .         Rampage  .   J - +4 pair of gloves "Cuizeud" {rC++}
Will     ++...                  L - +2 pair of boots {Stlth+}
Stlth    ++........             E - amulet of reflection
HPRegen  0.34/turn              j - ring of willpower
MPRegen  0.19/turn              z - ring "Wozxaiss" {rPois rF+ rC+ EV+4}

@: lethally poisoned (-7 -> -16), heroism, finesse, studying 2 skills
A: permanent stasis, dig shafts and tunnels, four strong arms, antennae 3
a: Dig, Shaft Self, Renounce Religion, Heroism, Finesse


You were on level 4 of the Snake Pit.
You worshipped Okawaru.
Okawaru was exalted by your worship.
You visited 5 branches of the dungeon, and saw 28 of its levels.
You also visited: Ice Cave.

You collected 4065 gold pieces.
You spent 1436 gold pieces at shops.

Inventory:

Hand Weapons
 e - a +1 quarterstaff of speed
 q - a +4 arbalest of electrocution
 w - a +1 spectral lajatang (weapon)
Missiles
 d - 827 bolts
Armour
 c - a scarf of resistance (worn)
 k - +7 pearl dragon scales (worn)
 J - the +4 pair of gloves "Cuizeud" (worn) {rC++}
   (Okawaru gifted it to you on level 6 of the Lair of Beasts)

   It greatly protects you from cold.
 L - a +2 pair of boots of stealth (worn)
 Q - a +0 tower shield (worn)
Jewellery
 j - a ring of willpower (left hand)
 u - the ring "Alol" {rF+}
   (You found it on level 6 of the Dungeon)

   [ring of obsoleteness]

   It protects you from fire.
 z - the ring "Wozxaiss" (right hand) {rPois rF+ rC+ EV+4}
   (You acquired it on level 8 of the Dungeon)

   [ring of evasion]

   It affects your evasion (+4).
   It protects you from fire.
   It protects you from cold.
   It protects you from poison.
 E - an amulet of reflection (around neck)
 I - an uncursed ring of fire
 N - an uncursed ring of protection from cold
Wands
 f - a wand of polymorph (31)
 g - a wand of paralysis (31)
 o - a wand of flame (122)
 s - a wand of acid (36) (quivered)
 t - a wand of charming (33)
 v - a wand of iceblast (21)
 y - a wand of digging (6)
 D - a wand of mindburst (22)
 T - a wand of random effects (35)
Scrolls
 m - 10 scrolls of remove curse
 B - a scroll of brand weapon
 F - 4 scrolls of summoning
 G - 11 scrolls of identify
 K - 2 scrolls of fear
 M - 3 scrolls of fog
 O - 2 scrolls of magic mapping
Potions
 b - a potion of ambrosia
 h - 5 potions of flight
 i - 14 potions of curing
 l - 8 potions of lignification
 n - 6 potions of cancellation
 p - 3 potions of attraction
 r - a potion of resistance
 x - 3 potions of mutation
 C - 4 potions of heal wounds
 H - 4 potions of might
 P - 2 potions of invisibility


   Skills:
 - Level 15.0(20.0) Fighting
 - Level 15.0(20.0) Staves
 * Level 10.9(15.9) Crossbows
 + Level 11.8(16.8) Armour
 + Level 11.1(16.1) Dodging
 - Level 15.0(20.0) Shields
 - Level 10.0 Invocations


You had 17 spell levels left.
You didn't know any spells.
Your spell library contained the following spells:

 Spells                   Type           Power        Failure   Level
 Beastly Appendage        Tmut           0%           63%         1
 Magic Dart               Conj           0%           63%         1
 Sandblast                Erth           0%           63%         1
 Summon Small Mammal      Summ           0%           63%         1
 Call Imp                 Summ           0%           77%         2
 Ensorcelled Hibernation  Hex/Ice        0%           77%         2
 Passwall                 Tmut/Erth      0%           77%         2
 Slow                     Hex            0%           77%         2
 Wereblood                Tmut           0%           77%         2
 Call Canine Familiar     Summ           0%           94%         3
 Conjure Flame            Conj/Fire      0%           94%         3
 Ignite Poison            Fire/Tmut/Pois 0%           94%         3
 Mephitic Cloud           Conj/Pois/Air  0%           94%         3
 Spider Form              Tmut/Pois      0%           94%         3
 Stone Arrow              Conj/Erth      0%           94%         3
 Summon Guardian Golem    Hex/Summ       0%           94%         3
 Animate Armour           Summ/Erth      0%           100%        4
 Animate Dead             Necr           0%           100%        4
 Ice Form                 Ice/Tmut       0%           100%        4
 Petrify                  Tmut/Erth      0%           100%        4
 Summon Ice Beast         Ice/Summ       0%           100%        4
 Summon Lightning Spire   Summ/Air       0%           100%        4
 Alistair's Intoxication  Tmut/Pois      0%           100%        5
 Blade Hands              Tmut           0%           100%        5
 Borgnjor's Vile Clutch   Necr/Erth      0%           100%        5
 Fireball                 Conj/Fire      0%           100%        5
 Lee's Rapid Deconstruct  Erth           0%           100%        5
 Silence                  Hex/Air        0%           100%        5
 Conjure Ball Lightning   Conj/Air       0%           100%        6
 Death Channel            Necr           0%           100%        6
 Freezing Cloud           Conj/Ice/Air   0%           100%        6
 Shadow Creatures         Summ           N/A          100%        6
 Simulacrum               Ice/Necr       0%           100%        6
 Starburst                Conj/Fire      0%           100%        6
 Ignition                 Fire           0%           100%        8
 Blink                    Tloc           Unusable     N/A         2
 Swiftness                Air            Unusable     N/A         2

Dungeon Overview and Level Annotations

Branches:
Dungeon (15/15)            Temple (1/1) D:6            Lair (6/6) D:10
  Swamp (0/4) Lair:4        Snake (4/4) Lair:3        Slime (0/5) Lair:6
    Orc (2/2) D:12            Elf (0/3) Orc:2        Vaults (0/5) D:13
 Depths (0/5) D:15          IceCv (visited)

Altars:
Ashenzari
Cheibriados
Dithmenos
Elyvilon
Fedhas
Gozag
Hepliaklqana
Kikubaaqudgha
Makhleb
Nemelex Xobeh
Okawaru
Qazlal
Ru
Sif Muna
Trog
Uskayaw
Vehumet
Wu Jian
Xom
Yredelemnul
Zin
The Shining One
Beogh
Lugonu

Shops:
D:4 *   D:5 (x   D:7 !x   D:9 ?   D:12 (   Orc:2 (x*(

Portals:
Abyss: Lair:1

Annotations:
Lair:6 exclusion: oklob plant
Snake:3 2 transporters, exclusion: orange crystal statue


Innate Abilities, Weirdness & Mutations

You cannot be hasted, slowed, berserked, paralysed or teleported.
You can dig through walls and to a lower floor.
Your four strong arms can wield two-handed weapons with a shield.
You have a pair of large antennae on your head. (SInv)


Message History

The bolt of electricity misses your spectral weapon.
You slash the shock serpent!
The shock serpent is moderately wounded.
The shock serpent's electric aura discharges, shocking you!
You barely miss the shock serpent.
The shock serpent is moderately wounded.
You feel sick. You block the shock serpent's attack.
You barely miss the shock serpent.
The shock serpent is moderately wounded.
You feel sick.
You completely miss the shock serpent.
The shock serpent is moderately wounded.
The shock serpent bites you.
* * * LOW HITPOINT WARNING * * *
The shock serpent shocks you!
* * * LOW HITPOINT WARNING * * *
You slice the shock serpent!!
The shock serpent is severely wounded.
The shock serpent's electric aura discharges, shocking you!
You die...

... #.......##
# (. #........#
. ##.......# {
##......#
###..{N...#
.....##{..##..#
.####.#{### ...
#.S## .. #
##.@# ##
#...##(......
#. ##.. #.....(
#. ##. ......
.##. #. .###.
.... .. .#
#.... .. .
#.... $. #.##.
.# #.


You could see a shock serpent and a friendly +1 spectral lajatang (summoned).

Vanquished Creatures
  Vashnia (Snake:3)
  Rupert (Lair:4)
  Jorgrun (Orc:2)
  Kirke (D:15)
  6 nagarajas
  Aizul (Snake:1)
  Louise (Snake:1)
  A white draconian (IceCv)
  Snorg (Orc:1)
  A fire dragon (Lair:6)
  6 naga warriors
  8 vault guards (D:13)
  11 hydras
  Harold (Orc:1)
  An ogre mage (D:15)
  3 catoblepae
  4 anacondas
  5 centaur warriors
  6 two-headed ogres
  2 tengu warriors
  2 death yaks (IceCv)
  2 shock serpents
  12 naga sharpshooters
  Nergalle (Lair:4)
  A salamander mystic (Snake:3)
  3 skeletal warriors (D:15)
  3 unseen horrors
  A lindwurm (Lair:6)
  2 wizards
  2 naga ritualists
  3 orc sorcerers
  2 deep elf pyromancers
  6 orc knights
  A deep elf zephyrmancer (D:15)
  8 mana vipers
  A manticore (D:12)
  9 salamanders
  4 cyclopes
  6 ugly things
  2 guardian serpents
  25 black mambas
  An ice statue (IceCv)
  14 elephants
  A torpor snail (Lair:6)
  15 naga magi
  3 molten gargoyles (Lair:6)
  Maggie (D:7)
  11 cane toads
  8 komodo dragons
  2 gargoyles
  A redback zombie (D:14)
  5 rime drakes
  3 efreet (D:15)
  2 ice devils (Orc:1)
  A tengu conjurer (D:14)
  2 trolls
  3 meliai (D:15)
  17 polar bears
  3 slime creatures (D:13)
  15 blink frogs
  7 dream sheep (Lair:6)
  Sigmund (D:2)
  A spriggan (Lair:2)
  A vampire (D:14)
  2 shadows (D:15)
  4 wyverns
  A wraith (D:11)
  47 yaks
  A wyvern (shapeshifter) (D:15)
  A hog (D:15)
  8 basilisks
  2 steam dragons (Lair:6)
  4 vampire mosquitoes
  A warg (Orc:1)
  2 acid dragons
  39 nagas
  A soldier ant (D:15)
  3 hell hounds (Lair:6)
  10 water moccasins
  3 sky beasts
  A black bear (Lair:1)
  2 hornet zombies
  39 orc warriors
  3 necrophages
  5 ice beasts
  10 ogres
  An eye of draining (D:8)
  42 wolves
  2 phantoms
  29 centaurs
  3 big kobolds
  27 bullfrogs
  Blork the orc (D:5)
  A water moccasin zombie (D:10)
  A wyvern zombie (D:9)
  2 scorpions
  A wyvern skeleton (D:15)
  13 wights
  An electric eel (Lair:5)
  6 howler monkeys
  5 centaur zombies
  4 quasits
  13 lava snakes
  16 orc priests
  A bullfrog zombie (D:11)
  3 human zombies (D:13)
  6 jellies
  5 hounds
  5 centaur skeletons
  3 bullfrog skeletons
  5 iguanas
  A human skeleton (D:13)
  32 orc wizards
  11 worker ants
  2 hound zombies
  4 mummies (D:13)
  2 worker ant zombies
  16 adders
  10 gnolls
  A howler monkey skeleton (D:9)
  A shadow imp (D:10)
  4 white imps
  An ufetubus (D:8)
  4 oozes
  4 adder zombies
  2 adder skeletons
  2 worms (D:4)
  A dart slug (D:1)
  3 leopard geckos
  83 orcs
  3 giant cockroaches
  7 goblins
  5 hobgoblins
  24 jackals
  2 quokkas
  4 ball pythons (Snake:1)
  6 bats
  4 frilled lizards
  19 kobolds
  An orc skeleton (D:13)
  2 quokka skeletons
  A quokka zombie (D:6)
  5 rats
  A lurking horror (Lair:1)
929 creatures vanquished.

Vanquished Creatures (others)
  A cane toad (Lair:6)
  A yak (Lair:6)
  A human (D:15)
  A naga (Snake:2)
  A hell hound (Lair:6)
  A wolf (IceCv)
  20 fungi
  34 plants
60 creatures vanquished.

Grand Total: 989 creatures vanquished

Notes
Turn   | Place    | Note
-------+----------+-------------------------------------------
     0 | D:1      | HoaS the Formicid Fighter began the quest for the Orb.
     0 | D:1      | Reached XP level 1. HP: 18/18 MP: 1/1
   122 | D:1      | Reached XP level 2. HP: 24/24 MP: 2/2
   369 | D:1      | Reached XP level 3. HP: 27/29 MP: 3/3
   853 | D:2      | Reached XP level 4. HP: 32/35 MP: 4/4
   979 | D:2      | Noticed Sigmund
  1015 | D:2      | Killed Sigmund
  1016 | D:2      | Reached skill level 5 in Staves
  1016 | D:2      | Reached skill level 5 in Shields
  1016 | D:2      | Reached XP level 5. HP: 15/41 MP: 5/5
  1016 | D:2      | Reached XP level 6. HP: 17/47 MP: 6/6
  2315 | D:4      | Found Ciaxuad's Mayhem Merchandise.
  2558 | D:4      | Reached XP level 7. HP: 52/52 MP: 7/7
  3187 | D:5      | Entered Level 5 of the Dungeon
  3232 | D:5      | Found Rasul's Antique Weapon Emporium.
  3279 | D:5      | Noticed Blork the orc
  3302 | D:5      | Killed Blork the orc
  3394 | D:5      | Reached XP level 8. HP: 58/58 MP: 8/8
  3405 | D:5      | Found Beupteca's Weapon Boutique.
  3771 | D:5      | Found Ryhiup's Gadget Shoppe.
  3911 | D:6      | Got a bound lead ring
  3912 | D:6      | Identified the ring "Alol" {rF+ Stlth-} (You found it on
                  | level 6 of the Dungeon)
  4087 | D:6      | Found a staircase to the Ecumenical Temple.
  4404 | D:6      | Reached XP level 9. HP: 58/64 MP: 9/9
  5131 | Temple   | Entered the Ecumenical Temple
  5498 | Temple   | Became a worshipper of Warmaster Okawaru
  5651 | D:7      | Found Booshauw's Distillery.
  5661 | D:7      | Found Atuepod's Gadget Shop.
  5697 | D:7      | Reached skill level 1 in Invocations
  6166 | D:7      | Noticed Maggie
  6194 | D:7      | Killed Maggie
  6194 | D:7      | Reached * piety under Okawaru
  6195 | D:7      | Reached skill level 10 in Staves
  7161 | D:8      | Reached XP level 10. HP: 69/70 MP: 12/12
  7208 | D:8      | Identified a scroll of acquirement
  7208 | D:8      | Acquired the ring "Wozxaiss" {rPois rF+ rC+ EV+4}
  7358 | D:8      | Reached skill level 5 in Invocations
  7371 | D:8      | Reached ** piety under Okawaru
  8061 | D:9      | Acquired the +9 plate armour "Olyeck" {Dex+2}
  8087 | D:9      | Found Tiqut's Magic Scroll Emporium.
  8139 | D:9      | Found a white marble altar of Elyvilon.
  8535 | D:10     | Entered Level 10 of the Dungeon
  8852 | D:10     | Noticed a gargoyle
  8883 | D:10     | Reached *** piety under Okawaru
  8884 | D:10     | Reached XP level 11. HP: 53/75 MP: 16/16
  9142 | D:10     | Found a staircase to the Lair.
  9333 | Lair:1   | Entered Level 1 of the Lair of Beasts
  9357 | Lair:1   | Noticed a six-headed hydra
  9377 | Lair:1   | Killed a six-headed hydra
  9380 | Lair:1   | Received a gift from Okawaru
  9500 | Lair:1   | Reached **** piety under Okawaru
  9529 | Lair:1   | Found a one-way gate to the infinite horrors of the Abyss.
  9729 | Lair:1   | Found a corrupted altar of Lugonu.
  9749 | Lair:1   | You fall into a shaft and drop 1 floor!
  9787 | Lair:1   | Reached skill level 1 in Crossbows
 11028 | Lair:2   | Reached XP level 12. HP: 74/81 MP: 19/19
 11220 | Lair:2   | Reached ***** piety under Okawaru
 11221 | Lair:2   | Reached skill level 10 in Invocations
 11397 | Lair:2   | Reached skill level 1 in Dodging
 11852 | Lair:3   | Found a staircase to the Snake Pit.
 11955 | Lair:3   | Received a gift from Okawaru
 11956 | Lair:3   | Reached skill level 5 in Fighting
 12029 | Lair:3   | Noticed a four-headed hydra
 12052 | Lair:3   | Killed a four-headed hydra
 12113 | Lair:3   | Received a gift from Okawaru
 12285 | Lair:3   | Reached skill level 5 in Armour
 12755 | Lair:4   | Noticed a four-headed hydra
 12766 | Lair:4   | Killed a four-headed hydra
 13088 | Lair:4   | Noticed Nergalle
 13106 | Lair:4   | Killed Nergalle
 13217 | Lair:4   | Found a staircase to the Swamp.
 13346 | Lair:4   | Reached XP level 13. HP: 71/98 MP: 20/20
 13372 | Lair:4   | Noticed Rupert
 13372 | Lair:4   | Noticed a seven-headed hydra
 13402 | Lair:4   | Killed a seven-headed hydra
 13439 | Lair:4   | Killed Rupert
 13439 | Lair:4   | Received a gift from Okawaru
 13440 | Lair:4   | Found the +0 staff of Battle
 13448 | Lair:4   | Reached skill level 5 in Dodging
 13814 | Lair:5   | You fall into a shaft and drop 1 floor!
 13814 | Lair:6   | Entered Level 6 of the Lair of Beasts
 13814 | Lair:6   | Noticed a catoblepas
 13861 | Lair:6   | Killed a catoblepas
 13862 | Lair:6   | Reached skill level 10 in Fighting
 14017 | Lair:5   | Noticed a catoblepas
 14069 | Lair:5   | Killed a catoblepas
 14397 | Lair:5   | Received a gift from Okawaru
 14539 | Lair:5   | Noticed a five-headed hydra
 14548 | Lair:5   | Killed a five-headed hydra
 14575 | Lair:5   | Reached ****** piety under Okawaru
 14631 | Lair:5   | Received a gift from Okawaru
 15131 | Lair:6   | Noticed a five-headed hydra
 15149 | Lair:6   | Killed a five-headed hydra
 15150 | Lair:6   | Reached XP level 14. HP: 94/113 MP: 21/21
 15656 | Lair:6   | Received a gift from Okawaru
 16039 | Lair:6   | Found a large runed translucent door.
 16215 | Lair:6   | Found a large runed translucent door.
 16298 | Lair:6   | Received a gift from Okawaru
 16306 | Lair:6   | Got a pair of slimy gloves {god gift}
 16317 | Lair:6   | Identified the +4 pair of gloves "Cuizeud" {rC++} (Okawaru
                  | gifted it to you on level 6 of the Lair of Beasts)
 16440 | Lair:6   | Found a staircase to the Slime Pits.
 17045 | D:11     | Found a broken altar of Ashenzari.
 18385 | D:12     | Found a staircase to the Orcish Mines.
 18604 | D:12     | Found Boazyex's Antique Weapon Shop.
 18855 | Orc:1    | Entered Level 1 of the Orcish Mines
 18866 | Orc:1    | Reached XP level 15. HP: 126/126 MP: 22/22
 19000 | Orc:1    | Found a frozen archway.
 19042 | IceCv    | Entered an ice cave
 19395 | IceCv    | Received a gift from Okawaru
 19668 | IceCv    | Received a gift from Okawaru
 20104 | Orc:2    | Entered Level 2 of the Orcish Mines
 20389 | Orc:2    | Noticed Jorgrun
 20397 | Orc:2    | Killed Jorgrun
 20398 | Orc:2    | Reached skill level 5 in Crossbows
 21233 | Orc:2    | Found Astomiv's General Store.
 21233 | Orc:2    | Found Hingoulo's Gadget Shop.
 21235 | Orc:2    | Found Xeuzo's Weapon Boutique.
 21237 | Orc:2    | Found Bewk's Antique Weapon Emporium.
 21251 | Orc:2    | Bought 2 potions of heal wounds for 110 gold pieces
 21252 | Orc:2    | Bought a wand of acid (5) for 252 gold pieces
 21254 | Orc:2    | Bought 26 bolts for 78 gold pieces
 21288 | Orc:2    | Found a staircase to the Elven Halls.
 22185 | Orc:1    | Found a runed translucent door.
 22292 | Orc:1    | Noticed Snorg
 22340 | Orc:1    | Killed Snorg
 22392 | Orc:1    | Found a roughly hewn altar of Beogh.
 22482 | Orc:1    | Noticed Harold
 22500 | Orc:1    | Killed Harold
 22501 | Orc:1    | Reached skill level 10 in Shields
 22990 | D:9      | Bought a scroll of enchant armour for 90 gold pieces
 22990 | D:9      | Bought a scroll of magic mapping for 42 gold pieces
 22990 | D:9      | Bought a scroll of brand weapon for 240 gold pieces
 22990 | D:9      | Bought a scroll of acquirement for 624 gold pieces
 22990 | D:9      | Acquired 717 gold pieces
 23184 | D:13     | Received a gift from Okawaru
 23292 | D:13     | Found a gate to the Vaults.
 23309 | D:13     | Reached skill level 10 in Armour
 23325 | D:13     | Reached XP level 16. HP: 118/134 MP: 16/23
 23915 | D:13     | Found a basalt altar of Yredelemnul.
 24068 | D:13     | Received a gift from Okawaru
 24495 | D:14     | Received a gift from Okawaru
 24537 | D:14     | Found a blossoming altar of Fedhas.
 24714 | D:15     | Entered Level 15 of the Dungeon
 24873 | D:15     | Noticed Kirke
 24875 | D:15     | Found a shimmering altar of Xom.
 24878 | D:15     | Killed Kirke
 24923 | D:15     | Received a gift from Okawaru
 25447 | D:15     | Found a shadowy altar of Dithmenos.
 25653 | D:15     | Found a staircase to the Depths.
 25762 | D:15     | Got a transparent pewter amulet
 25921 | D:15     | Found the +3 warlock's mirror {reflect}
 25966 | D:15     | Identified the amulet of Summer {Spirit rElec Int+2 Dex+5}
                  | (You found it on level 15 of the Dungeon)
 26155 | Snake:1  | Entered Level 1 of the Snake Pit
 26240 | Snake:1  | Reached skill level 15 in Shields
 26240 | Snake:1  | Reached XP level 17. HP: 132/140 MP: 24/24
 26442 | Snake:1  | Noticed Louise
 26499 | Snake:1  | Received a gift from Okawaru
 26514 | Snake:1  | Killed Louise
 26833 | Snake:1  | Noticed Aizul
 26864 | Snake:1  | Killed Aizul
 26984 | Snake:1  | Reached skill level 10 in Dodging
 27352 | Snake:1  | Acquired 568 gold pieces
 27469 | Snake:1  | Received a gift from Okawaru
 27694 | Snake:1  | Upgraded the game from 0.27-a0-262-gc50aac273e to
                  | 0.27-a0-277-g024f7ef292
 27720 | Snake:1  | Received a gift from Okawaru
 28170 | Snake:2  | Reached skill level 15 in Fighting
 28351 | Snake:2  | Identified the Grimoire of Shape Shifting and Lightness
 28679 | Snake:3  | Acquired a manual of Staves
 28784 | Snake:3  | Received a gift from Okawaru
 29124 | Snake:3  | Found a transporter.
 29151 | Snake:3  | Received a gift from Okawaru
 29152 | Snake:3  | Reached skill level 15 in Staves
 29427 | Snake:3  | Found a transporter.
 29508 | Snake:3  | Noticed Vashnia
 29529 | Snake:3  | Killed Vashnia
 29530 | Snake:3  | Reached skill level 10 in Crossbows
 29530 | Snake:3  | Reached XP level 18. HP: 128/149 MP: 25/25
 29809 | Snake:4  | Entered Level 4 of the Snake Pit
 30006 | Snake:4  | Received a gift from Okawaru
 30309 | Snake:4  | HP: 6/149 [shock serpent (14)]
 30310 | Snake:4  | Killed from afar by a shock serpent

Illustrated notes

Levels and vault maps discovered:
D:1:      shiori_shiawase, layout_basic
D:2:      layout_loops_cross, minivault_27, grunt_ministairs_14, uniq_sigmund
D:3:      layout_loops_ring
D:4:      layout_loops_cross, minmay_shop_mayhem
D:5:      layout_loops_ring, serial_shops, shop, nicolae_shop_statue_plus, shop,
          uniq_blork_the_orc
D:6:      layout_basic, minmay_temple_entry_grid
D:7:      layout_loops_corners, serial_shops, shop, shop,
          minmay_fractal_squares_diagonal_5, uniq_maggie
D:8:      layout_cave_pools, grunt_decor_clamped, solitary_fountain
D:9:      layout_irregular_city, elyvilon_altar_3, serial_shops, shop
D:10:     layout_cave_pools, david_lair_shrubbed
D:11:     layout_roguey, evilmike_ruin_ashenzari
D:12:     layout_loops_corners, orc_0_dummy, serial_shops, shop
D:13:     layout_small_grid, erik_vaults_2, minmay_hedge_maze,
          lemuel_mausoleum_altar_yredelemnul
D:14:     layout_rooms, fedhas_altar_1, grunt_decor_mini_mirrors
D:15:     grunt_enter_depths_magical_seal, layout_irregular_city, basic_altar,
          nicolae_dithmenos_the_darkroom, minmay_pinched_square, uniq_kirke
Temple:   compressed_dpeg_triangle_lava_temple
Lair:1:   layout_gridlike, amcnicky_altar_lugonu_corruption
Lair:2:   layout_cave_pods, grunt_forest_large_clearing_hut
Lair:3:   layout_roguey, dummy_snake_entry
Lair:4:   layout_roguey, swamp_mist_pool, gauntlet_entry_generic, uniq_nergalle,
          uniq_rupert
Lair:5:   layout_hall_layers, grunt_megastairs_2, serial_bayou_shore_a
Lair:6:   cheibrodos_lair_end_hotspot, layout_big_grid,
          nicolae_slime_entry_slimehenge, st_stairs_9, minmay_lair_oklob_items
Snake:1:  layout_basic, nicolae_snake_lava_pool, uniq_louise, uniq_aizul
Snake:2:  layout_onion_interference
Snake:3:  gammafunk_sealed_arena, layout_gridlike, grunt_megastairs_4,
          serial_bayou_shore_b, uniq_vashnia
Snake:4:  johnstein_snake_rune_scales, layout_chambers, guppyfry_library_mini
Orc:1:    layout_caves, portal_ice_cave_demonic_guard, lightli_church_of_beogh,
          uniq_harold, uniq_snorg
Orc:2:    st_orc_rangers, layout_caves, uniq_jorgrun

Skill      XL: |  1  2  3  4  5  6  7  8  9 10 11 12 13 14 15 16 17 18 |
---------------+-------------------------------------------------------+-----
Shields        | 4 5 6 8 9 10 15 | 15.0
Staves         | 3 5 7 8 10 12 14 15 | 15.0
Invocations    | 3 7 9 10 | 10.0
Crossbows      | 3 6 7 10 | 10.9
Fighting       | 8 11 14 15 | 15.0
Dodging        | 4 6 8 9 10 11 | 11.1
Armour         | 6 8 9 10 11 | 11.8

Action                   |  1- 3 |  4- 6 |  7- 9 | 10-12 | 13-15 | 16-18 || total
-------------------------+-------+-------+-------+-------+-------+-------++-------
Melee: Quarterstaff      |    71 |   134 |   466 |   904 |  1854 |   229 ||  3658
       Lajatang          |       |       |       |       |       |   485 ||   485
 Fire: Arbalest          |       |       |       |       |    24 |   308 ||   332
Invok: Heroism           |       |       |       |     5 |     6 |     4 ||    15
       Finesse           |       |       |       |     1 |     4 |     4 ||     9
 Abil: Dig               |       |       |     2 |    14 |    22 |     5 ||    43
Evoke: Wand              |       |       |     2 |       |     2 |       ||     4
  Use: Scroll            |     2 |     8 |    13 |    10 |    12 |    12 ||    57
       Potion            |       |     1 |     2 |       |     1 |     1 ||     5
 Stab: Sleeping          |       |       |     1 |       |       |       ||     1
       Distracted        |       |       |       |       |       |     7 ||     7
Armor: Scale mail        |    20 |    30 |     9 |       |       |       ||    59
       Chain mail        |       |       |    48 |       |       |       ||    48
       Plate armour      |       |       |    34 |   224 |   450 |   132 ||   840
       Swamp dragon scal |       |       |     7 |       |       |       ||     7
       Pearl dragon scal |       |       |       |       |       |    71 ||    71
Dodge: Dodged            |    28 |    25 |    64 |   161 |   496 |   261 ||  1035
       Repelled          |       |       |       |     2 |     6 |       ||     8
Block: Kite shield       |    46 |    98 |   242 |   586 |  1115 |    23 ||  2110
       Reflection        |       |     1 |     2 |    10 |    76 |   122 ||   211
       Tower shield      |       |       |       |       |       |   812 ||   812

Table legend: (Time is in decaauts)
 A = Elapsed time spent in this place.
 B = Non-inter-level travel time spent in this place.
 C = Inter-level travel time spent in this place.
 D = Time resting spent in this place.
 E = Time spent auto-exploring this place.
 F = Levels seen in this place.
 G = Mean time per level.
                   A        B        C        D        E       F      G
               +--------+--------+--------+--------+--------+-----+--------+
         Total |  29002 |  27508 |   1494 |   4533 |  16465 |  29 | 1000.1 |
       Dungeon |  13651 |  12844 |    807 |   1832 |   8113 |  15 |  910.1 |
        Temple |    380 |    367 |     13 |      0 |    364 |   1 |  380.0 |
          Lair |   7133 |   6716 |    417 |   1272 |   3874 |   6 | 1188.8 |
     Snake Pit |   4137 |   4031 |    106 |    511 |   2417 |   4 | 1034.2 |
  Orcish Mines |   2904 |   2755 |    149 |    856 |   1276 |   2 | 1452.0 |
      Ice Cave |    794 |    794 |      0 |     62 |    420 |   1 |  794.0 |
               +--------+--------+--------+--------+--------+-----+--------+

Top non-repeatable levels by time:
  Lair:6: 1682 daAuts
   Orc:2: 1651 daAuts
 Snake:1: 1642 daAuts
  Lair:1: 1393 daAuts
     D:6: 1266 daAuts
   Orc:1: 1253 daAuts
     D:7: 1212 daAuts
 Snake:3: 1191 daAuts
    D:15: 1182 daAuts
  Lair:5: 1125 daAuts
    D:12: 1114 daAuts
  Lair:2: 1058 daAuts
     D:8: 1014 daAuts
     D:2: 974 daAuts
    D:13: 964 daAuts
